 Dungeon Crawl Stone Soup version 0.27.1-3-gb3d3a73c9e (webtiles) character file.

Game seed: 3956332170116941756

81 styxcanada the Sneak (level 4, 0/23 HPs)
             Began as a Spriggan Brigand on Oct 21, 2021.
             Succumbed to an adder's poison
             ... on level 3 of the Dungeon.
             The game lasted 00:07:44 (3296 turns).

styxcanada the Sneak (Spriggan Brigand)             Turns: 3296, Time: 00:07:44

Health: 0/23       AC:  3    Str:  7    XL:     4   Next: 19%
Magic:  5/5        EV: 17    Int: 12    God:
Gold:   130        SH:  0    Dex: 17    Spells: 3/3 levels left

rFire    . . .     SeeInvis +   a - +2 dagger
rCold    . . .     Faith    .   (shield restricted)
rNeg     . . .     Spirit   .   b - +0 robe
rPois    .         Reflect  .   (helmet restricted)
rElec    .         Harm     .   c - +0 cloak
rCorr    .         Rampage  .   (gloves unavailable)
Will     .....                  (boots unavailable)
Stlth    ++++......             (no amulet)
HPRegen  0.07/turn              (no ring)
MPRegen  0.09/turn              (no ring)

@: lethally poisoned (0 -> -1), very quick
A: very small, no large weapons, unfitting armour, see invisible, speed 3
a: no special abilities


You were on level 3 of the Dungeon.
You visited 1 branch of the dungeon, and saw 3 of its levels.

You collected 130 gold pieces.

Inventory:

Hand Weapons
 a - a +2 dagger (weapon)
Missiles
 d - 8 poisoned darts (quivered)
 e - 2 curare-tipped darts
 f - 84 stones
 g - 42 sling bullets
Armour
 b - a +0 robe (worn)
 c - a +0 cloak (worn)
Scrolls
 h - a scroll of teleportation {unknown}
 i - a scroll of fog {unknown}
Potions
 j - a potion of degeneration {unknown}
 k - 2 potions of heal wounds {unknown}
 l - a potion of cancellation {unknown}


   Skills:
 * Level 2.0 Fighting
 + Level 2.5 Short Blades
 + Level 2.0 Throwing
 * Level 2.5 Dodging
 * Level 7.6 Stealth


You had 3 spell levels left.
You didn't know any spells.
Your spell library was empty.

Dungeon Overview and Level Annotations

Branches:
Dungeon (3/15)

Altars:


Innate Abilities, Weirdness & Mutations

You are very small and have problems with some larger weapons.
You are too small for most types of armour.
You have supernaturally acute eyesight. (SInv)
You cover ground extremely quickly. (Speed+++)


Message History

The endoplasm is severely wounded.
The endoplasm freezes you.
You are frozen.
You hit the endoplasm.
You kill the endoplasm!
An adder comes into view.
Found a stone staircase leading up.
The adder hisses angrily.
You barely miss the adder. The adder bites you.
You closely miss the adder. The adder bites you.
You are poisoned.
The adder poisons you!
You closely miss the adder.
You feel sick. The adder misses you.
You barely miss the adder.
You feel sick. The adder misses you. x2
You hit the adder but do no damage.
You feel sick. The adder completely misses you.
You hit the adder.
The adder is lightly wounded.
You feel sick. The adder bites you.
You are more poisoned.
The adder poisons you!
You hit the adder.
The adder is heavily wounded.
You feel sick. The adder closely misses you.
You closely miss the adder.
The adder is heavily wounded.
* * * LOW HITPOINT WARNING * * *
You feel sick. The adder closely misses you.
You hit the adder but do no damage.
The adder is heavily wounded.
You feel sick. The adder misses you.
You hit the adder but do no damage.
The adder is heavily wounded.
You feel sick. The adder bites you.
* * * LOW HITPOINT WARNING * * *
You hit the adder.
The adder is severely wounded.
* * * LOW HITPOINT WARNING * * *
You feel sick. The adder closely misses you. x2
You die...

..# #.# #.# ##
#.# .. #.#
##.# #.#
###...##.#####
.........@..#
##...##.###.#
##..##.# #S#
#..#.# #.#
#.#..# #.# +#
#..### #<# .#
#..#####.# .#
#........# .##
##.#######


There were no monsters in sight!

Vanquished Creatures
  2 adders (D:2)
  A dart slug (D:1)
  A bat (D:2)
  9 endoplasms
  A giant cockroach (D:1)
  9 goblins
  7 hobgoblins
  2 quokkas
  2 ball pythons
  5 frilled lizards
  12 kobolds
  3 rats
54 creatures vanquished.

Notes
Turn   | Place    | Note
-------+----------+-------------------------------------------
     0 | D:1      | styxcanada the Spriggan Brigand began the quest for the
                  | Orb.
     0 | D:1      | Reached XP level 1. HP: 10/10 MP: 2/2
    43 | D:1      | Reached skill level 6 in Stealth
   212 | D:1      | Reached XP level 2. HP: 14/14 MP: 3/3
   494 | D:1      | Reached skill level 7 in Stealth
   772 | D:1      | Found a faded altar of an unknown god.
   966 | D:1      | Reached XP level 3. HP: 18/18 MP: 4/4
  2658 | D:2      | Reached XP level 4. HP: 15/23 MP: 5/5
  3294 | D:3      | HP: 1/23 [poisoned by an adder]
  3296 | D:3      | Succumbed to an adder's poison

Illustrated notes

Levels and vault maps discovered:
D:1:      scummos_arrival_gate, layout_loops_ring,
          hellmonk_ecumenical_altar_zigzags, minmay_tromino_v7
D:2:      layout_basic
D:3:      layout_loops_corners, minmay_starry_boxes

Skill      XL: |  1  2  3 |
---------------+----------+-----
Stealth        | 6 7 |  7.6
Dodging        | 2 |  2.5
Fighting       | 2 |  2.0
Short Blades   | |  2.5
Throwing       | |  2.0

Action                   |  1- 3 |  4- 6 || total
-------------------------+-------+-------++-------
Melee: Dagger            |   148 |    20 ||   168
Throw: Dart              |     4 |       ||     4
 Stab: Sleeping          |    15 |     3 ||    18
Armor: Robe              |    14 |       ||    14
Dodge: Dodged            |    83 |    12 ||    95
